AoeStats
← GM.Matheus

Arabia

508352477Analyzed
3v3 RM · 9d ago on Sep 22, 2026· 36m 38s· 6 players
Game mode
Random Map
Map size
Normal (6 player)
Population
200
Speed
Normal
Resources
Standard
Victory
Conquest
Starting age
Dark Age
Ending age
Imperial Age
RankedLock teamsTeams togetherTeam positionsShared explorationLock speedFull tech treeHidden civsTurbo modeCheats
Victory
Defeat
🇧🇷 Franks · Brazil
981
+14
🇧🇷 Huns · Brazil
976
+14
🇧🇷 Poles · Brazil
973
+15
🇨🇱 Magyars · Chile
956
-15
🇨🇱 Armenians · Chile
952
-15
🇨🇱 Bulgarians · Chile
917
-13
GM.Milinhox
5:16 Loom
10:14 Feudal Age
10:46 Double-Bit Axe
15:22 Forging
24:01 Castle Age
22:08 Fletching
24:05 Crossbowman
24:58 Bow Saw
26:15 Padded Archer Armor
27:07 Bodkin Arrow
GM.Matheus
10:00 Feudal Age
8:16 Loom
20:52 Castle Age
19:03 Horse Collar
19:10 Double-Bit Axe
19:47 Gold Mining
22:16 Scale Barding Armor
23:29 Forging
26:16 Chain Barding Armor
27:31 Stone Mining
31:26 Iron Casting
33:42 Fletching
34:23 Husbandry
34:34 Bloodlines
36:20 Town Watch
37:10 Wheelbarrow
GAX | Tales
7:04 Loom
9:50 Feudal Age
10:17 Double-Bit Axe
21:34 Castle Age
20:17 Forging
20:13 Scale Barding Armor
20:17 Gold Mining
23:23 Bow Saw
23:43 Husbandry
24:48 Wheelbarrow
32:29 Iron Casting
37:19 Imperial Age
35:07 Hand Cart
34:37 Town Watch
35:35 Chain Barding Armor
XezkitoDelFlow
1:51 Loom
10:37 Feudal Age
12:15 Double-Bit Axe
12:19 Horse Collar
27:54 Castle Age
26:43 Arson
28:24 Pikeman
29:11 Squires
30:17 Scale Mail Armor
30:28 Forging
38:49 Imperial Age
! benjA -
5:38 Loom
12:24 Feudal Age
13:07 Man-at-Arms
13:58 Horse Collar
15:21 Forging
14:46 Long Swordsman
17:53 Arson
27:05 Castle Age
28:03 Wheelbarrow
27:54 Gambesons
28:16 Two-Handed Swordsman
Rodrigo Da Silva
2:24 Loom
11:43 Feudal Age
21:42 Double-Bit Axe
21:39 Horse Collar
28:01 Castle Age
27:19 Wheelbarrow
27:37 Scale Mail Armor
29:04 Pikeman
33:47 Chain Mail Armor
Connection lost

Rejoining the realm…

Still unreachable

The connection could not be restored.

Session expired

The server has moved on; the page needs a fresh start.